 Dungeon Crawl Stone Soup version 0.29-a0-356-g7bc237e783 (webtiles) character file.

Game seed: 895314793899814943

9986 ytrimaz the Grappler (level 11, -9/77 HPs)
             Began as a Demonspawn Fighter on Apr 26, 2022.
             Was an Initiate of Yredelemnul.
             Mangled by Erolcha
             ... wielding a +0 giant club
              (31 damage)
             ... on level 10 of the Dungeon.
             The game lasted 00:17:35 (11030 turns).

ytrimaz the Grappler (Demonspawn Fighter)          Turns: 11030, Time: 00:17:35

Health: -9/77      AC: 21    Str: 22    XL:     11   Next: 30%
Magic:  17/17      EV:  6    Int:  9    God:    Yredelemnul [......]
Gold:   929        SH: 11    Dex: 12    Spells: 10/10 levels left

rFire   + . .      SeeInvis .     - Unarmed
rCold   . . .      Faith    .   u - +0 buckler
rNeg    . . .      Spirit   .   D - +2 plate armour {rF+}
rPois   +          Reflect  .   (no helmet)
rElec   .          Harm     .   B - +1 cloak {rPois}
rCorr   .          Rampage  .   (gloves unavailable)
Will    .....                   (no boots)
Stlth   ..........              f - amulet of magic regeneration
HPRegen 0.22/turn               i - +4 ring of protection
MPRegen 0.70/turn               t - ring of flight

@: flying
A: claws 3, large bone plates 2, magic regeneration, evolution 1
a: Renounce Religion, Recall Undead Harvest


You were on level 10 of the Dungeon.
You worshipped Yredelemnul.
Yredelemnul was aware of your devotion.
You visited 1 branch of the dungeon, and saw 10 of its levels.
You also visited: Bailey.

You collected 1605 gold pieces.
You spent 676 gold pieces at shops.

Inventory:

Missiles
 p - 26 javelins (quivered)
 w - 3 boomerangs
 z - a throwing net
Armour
 u - a +0 buckler (worn)
 B - a +1 cloak of poison resistance (worn)
 D - a +2 plate armour of fire resistance (worn)
 E - the +1 scale mail of Greed {Rampage rElec rC- Str+7}
   (You found it on level 10 of the Dungeon)

   Str:       It affects your strength (+7).
   rC:        It makes you vulnerable to cold.
   rElec:     It insulates you from electricity.
   Rampage:   It bestows one free step when moving towards enemies.
Jewellery
 f - an amulet of magic regeneration (around neck)
 i - a +4 ring of protection (left claw)
 o - a ring of wizardry
 t - a ring of flight (right claw)
Wands
 q - a wand of flame (20)
 v - a wand of polymorph (5)
Scrolls
 a - a scroll of holy word
 c - a scroll of identify
 e - 2 scrolls of fog
 m - a scroll of teleportation
 r - a scroll of brand weapon
 s - 3 scrolls of enchant weapon
 y - a scroll of fear {unknown}
 C - a scroll of amnesia
Potions
 b - 2 potions of attraction
 d - a potion of berserk rage
 g - a potion of lignification
 h - 2 potions of flight
 j - 2 potions of mutation
 k - 2 potions of curing
 l - 4 potions of brilliance
 n - 2 potions of magic
 x - 2 potions of heal wounds
 A - 2 potions of cancellation


   Skills:
 + Level 4.1 Fighting
 - Level 1.8 Short Blades
 + Level 0.7 Throwing
 + Level 7.4 Armour
 - Level 5.0 Shields
 * Level 12.7 Unarmed Combat
 * Level 8.0 Invocations


You had 10 spell levels left.
You didn't know any spells.
Your spell library contained the following spells:

 Spells                   Type           Power      Damage    Failure   Level
 Animate Skeleton         Necr           0%         N/A       100%        1
 Apportation              Tloc           0%         N/A       100%        1
 Foxfire                  Conj/Fire      0%         2x1d4     100%        1
 Magic Dart               Conj           0%         1d3       100%        1
 Summon Small Mammal      Summ           0%         N/A       100%        1
 Conjure Flame            Conj/Fire      0%         6-21      100%        3
 Ignite Poison            Fire/Tmut/Pois 0%         N/A       100%        3
 Animate Dead             Necr           0%         N/A       100%        4
 Sticky Flame             Conj/Fire      0%         2d3       100%        4
 Dragon Form              Tmut           0%         N/A       100%        7
 Haunt                    Necr/Summ      0%         N/A       100%        7
 Infestation              Necr           0%         N/A       100%        8
 Chain Lightning          Conj/Air       0%         N/A       100%        9


Dungeon Overview and Level Annotations

Branches:
Dungeon (10/15)            Temple (0/1) D:6            Lair (0/6) D:10
 Bailey (visited)
    Orc: D:9-12

Altars:
Dithmenos
Fedhas
Nemelex Xobeh
Okawaru
Qazlal
Ru
Sif Muna
Vehumet
Yredelemnul
Jiyva

Shops:
D:5 *   D:6 ?   D:9 *

Annotations:
D:10 2 runed translucent doors, Erolcha


Innate Abilities, Weirdness & Mutations

You have claws for hands.
You are mostly covered in large bone plates. (SH +6)
You regenerate magic rapidly.
You have hidden genetic potential.


Message History

Found a stone staircase leading up.
There is a stone staircase leading up here.
You now have 922 gold pieces (gained 10).
You swap places.
Found a stone staircase leading down.
There is a stone staircase leading down here.
You now have 929 gold pieces (gained 7).
Found a spear.
Found a heavily runed scale mail.
No target in view!
Erolcha the Cunning comes into view.
She is wielding a +0 giant club.
Erolcha shouts!
Erolcha moves out of view.
Erolcha drinks a potion.
Erolcha seems to speed up.
Erolcha points at you and mumbles some strange words.
The fireball explodes!
The fireball engulfs you! You resist.
Erolcha gestures wildly while chanting.
Erolcha flickers and vanishes!
Deactivating autopickup; reactivate with Ctrl-A.
Unknown command.
Unknown command.
A lindwurm comes into view.
The lindwurm roars!
You hear a roar!
Okay, then.
Something hits you!
You see here the +1 scale mail of Greed {Rampage rElec rC- Str+7}.
Unknown command.
E - the +1 scale mail of Greed {Rampage rElec rC- Str+7} Something hits you!
You scratch something. You closely miss something. Something hits you.
You barely miss something. Something hits you!!
* * * LOW HITPOINT WARNING * * *
You claw something! Something completely misses you.
You mangle something!!
Your acid dragon zombie barely misses something.
Your acid dragon zombie closely misses something.
Something hits you!!
You die...
Your body rises from the dead as a mindless zombie.

# ## #
########..
.#####
#.@..$.)..
.....#
#.###.....
......
#Z#....≈§≈
...§..
#....§.§§§
§≈§≈..
#...≈≈≈§≈≈
≈≈≈≈≈.
##..≈≈≈≈§≈≈
§§≈≈≈.
#..≈≈≈≈≈≈≈≈
§≈≈§≈§
#..§≈≈≈§§≈.
≈§≈≈≈≈
#..§§≈§≈k§.
.(≈§≈§


You could see a friendly acid dragon zombie.

Vanquished Creatures
  A two-headed ogre (D:9)
  Pikel (D:5)
  Joseph (D:9)
  A kobold demonologist (D:9)
  Sigmund (D:2)
  A shadow (D:10)
  A wyvern (D:9)
  11 yaks
  Eustachio (D:4)
  3 steam dragons
  Edmund (D:5)
  A water moccasin (D:7)
  An acid dragon (D:10)
  2 ice beasts (D:6)
  11 orc warriors (Bailey)
  3 sky beasts
  14 centaurs
  A lemure (D:5)
  2 kobold brigands
  2 bullfrogs (D:7)
  3 scorpions
  2 necrophages
  14 wights
  4 killer bees (D:9)
  3 howler monkeys
  5 jellies
  4 orc priests
  7 hounds
  Crazy Yiuf (D:6)
  2 iguanas
  2 orc wizards
  Robin (D:2)
  4 gnolls
  5 adders
  3 white imps
  3 dart slugs
  37 orcs
  5 ball pythons
  7 bats
  4 endoplasms
  4 giant cockroaches
  14 goblins
  11 hobgoblins
  3 jackals (D:4)
  15 kobolds
  6 quokkas
  A frilled lizard (D:3)
  6 rats
236 creatures vanquished.

Vanquished Creatures (collateral kills)
  A water moccasin (D:7)
  An ice beast (D:6)
  A centaur (D:9)
  A lemure (D:5)
  A bullfrog (D:5)
  A wight (D:9)
  A killer bee (D:9)
  A howler monkey (D:9)
  An iguana (D:7)
  An adder (D:6)
  2 gnolls (D:7)
  A dart slug (D:3)
  4 orcs
  A ball python (D:4)
  2 endoplasms (D:4)
  3 kobolds
  A quokka (D:3)
24 creatures vanquished.

Vanquished Creatures (others)
  A wyvern zombie (D:9)
  A water moccasin zombie (D:7)
  A wight (D:7)
  A spectral ice beast (D:6)
  4 centaur zombies
  A bullfrog zombie (D:7)
  2 killer bee zombies (D:9)
  A sky beast zombie (D:6)
  3 spectral jellies (D:8)
  A steam dragon zombie (D:8)
  An adder zombie (D:6)
  2 kobold zombies
  15 orc zombies (Bailey)
  A spectral endoplasm (D:4)
  6 fungi (D:4)
  2 plants (D:4)
43 creatures vanquished.

Grand Total: 303 creatures vanquished

Notes
Turn   | Place    | Note
-------+----------+-------------------------------------------
     0 | D:1      | ytrimaz the Demonspawn Fighter began the quest for the Orb.
     0 | D:1      | Reached XP level 1. HP: 18/18 MP: 1/1
   183 | D:1      | Gained mutation: You have sharp fingernails. [demonic
                  | ancestry]
   183 | D:1      | Reached XP level 2. HP: 24/24 MP: 2/2
   861 | D:1      | Gained mutation: You have very sharp fingernails. [demonic
                  | ancestry]
   861 | D:1      | Reached XP level 3. HP: 29/29 MP: 3/3
   895 | D:2      | Reached skill level 1 in Unarmed Combat
   910 | D:2      | Gained mutation: You regenerate magic rapidly. [demonic
                  | ancestry]
   910 | D:2      | Reached XP level 4. HP: 21/35 MP: 4/4
  1111 | D:2      | Noticed Robin
  1119 | D:2      | Killed Robin
  1177 | D:2      | Reached skill level 2 in Unarmed Combat
  1370 | D:2      | Noticed Sigmund
  1383 | D:2      | Killed Sigmund
  1384 | D:2      | Reached skill level 3 in Unarmed Combat
  1384 | D:2      | Reached XP level 5. HP: 26/41 MP: 5/5
  1384 | D:2      | Gained mutation: You have claws for hands. [demonic
                  | ancestry]
  1384 | D:2      | Reached XP level 6. HP: 29/47 MP: 6/6
  1543 | D:2      | Found a faded altar of an unknown god.
  1719 | D:3      | Found a basalt altar of Yredelemnul.
  1899 | D:3      | Became a worshipper of Yredelemnul the Dark
  2124 | D:3      | Reached * piety under Yredelemnul
  2168 | D:3      | Reached skill level 4 in Unarmed Combat
  2243 | D:4      | HP: 2/47 [orc priest/divine providence (13)]
  2245 | D:4      | Found a blossoming altar of Fedhas.
  2592 | D:4      | Found a stormy altar of Qazlal.
  2691 | D:4      | Found an iron altar of Okawaru.
  2906 | D:4      | Noticed Eustachio
  2923 | D:4      | Killed Eustachio
  2924 | D:4      | Reached skill level 5 in Unarmed Combat
  2924 | D:4      | Reached XP level 7. HP: 44/52 MP: 7/7
  2969 | D:4      | Found a sacrificial altar of Ru.
  2986 | D:4      | Found a shimmering blue altar of Sif Muna.
  3240 | D:5      | Entered Level 5 of the Dungeon
  3240 | D:5      | Noticed Edmund
  3263 | D:5      | Reached skill level 6 in Unarmed Combat
  3263 | D:5      | Reached skill level 1 in Invocations
  3278 | D:5      | Killed Edmund
  3328 | D:5      | Gained mutation: You are partially covered in large bone
                  | plates. (SH +4) [demonic ancestry]
  3328 | D:5      | Reached XP level 8. HP: 23/59 MP: 9/9
  3476 | D:5      | Noticed Pikel
  3490 | D:5      | Killed Pikel
  3491 | D:5      | Reached skill level 5 in Armour
  3491 | D:5      | Reached skill level 7 in Unarmed Combat
  3721 | D:5      | Found Esugo's Neck Hole.
  4200 | D:5      | Reached skill level 8 in Unarmed Combat
  4375 | D:6      | Found Xinlyt's Magic Scroll Emporium.
  4409 | D:6      | Reached ** piety under Yredelemnul
  4503 | D:6      | Reached XP level 9. HP: 65/65 MP: 11/11
  4503 | D:6      | Found a staircase to the Ecumenical Temple.
  4775 | D:6      | Reached skill level 9 in Unarmed Combat
  4852 | D:6      | Found a runed translucent door.
  4853 | D:6      | Noticed Crazy Yiuf
  4860 | D:6      | Killed Crazy Yiuf
  5113 | D:6      | Reached *** piety under Yredelemnul
  5485 | D:7      | Reached skill level 5 in Invocations
  5503 | D:7      | Found Nydwyck's Antique Armour Emporium.
  5554 | D:7      | Reached skill level 10 in Unarmed Combat
  5849 | D:7      | Found a shadowy altar of Dithmenos.
  5854 | D:7      | Found a sparkling altar of Nemelex Xobeh.
  5857 | D:7      | Found a radiant altar of Vehumet.
  5939 | D:7      | Found a flagged portal.
  5957 | Bailey   | Entered a bailey
  6026 | Bailey   | Gained mutation: You are mostly covered in large bone
                  | plates. (SH +6) [demonic ancestry]
  6026 | Bailey   | Reached XP level 10. HP: 33/71 MP: 14/14
  6392 | Bailey   | Gained mutation: You have hidden genetic potential. [potion
                  | of mutation]
  7509 | Bailey   | Reached skill level 5 in Shields
  7620 | Bailey   | Reached skill level 11 in Unarmed Combat
  8028 | Bailey   | Got the Incunabulum of Lethal Moulding
  8189 | D:7      | Acquired 983 gold pieces
  8366 | D:8      | Found a viscous altar of Jiyva.
  9036 | D:8      | Identified the +1 ring mail of Qafuiq {*Slow rElec Dex+4
                  | SInv}
  9123 | D:9      | Reached skill level 12 in Unarmed Combat
  9130 | D:9      | Noticed Joseph
  9417 | D:9      | Killed Joseph
  9586 | D:9      | Found Ischen's Assorted Antiques.
  9592 | D:9      | Bought a runed plate armour for 676 gold pieces
  9621 | D:9      | Reached XP level 11. HP: 73/77 MP: 16/16
  9782 | D:9      | You are sucked into a shaft and drop 1 floor!
  9782 | D:10     | Entered Level 10 of the Dungeon
  9940 | D:10     | Found a staircase to the Lair.
 10450 | D:10     | Noticed a two-headed ogre
 10462 | D:9      | Killed a two-headed ogre
 10844 | D:10     | Found a large runed translucent door.
 10844 | D:10     | Found a large runed translucent door.
 11016 | D:10     | Noticed Erolcha
 11020 | D:10     | Noticed a lindwurm
 11024 | D:10     | Identified the +1 scale mail of Greed {Rampage rElec rC-
                  | Str+7}
 11030 | D:10     | Mangled by Erolcha

Illustrated notes

Levels and vault maps discovered:
D:1:      denvon_arrival_waterhouse, layout_loops_ring
D:2:      layout_rooms, chequers_ecumenical_altar_twisty, uniq_sigmund,
          uniq_robin
D:3:      minmay_spotlight, layout_rooms, mainiacjoe_overflow_surrounded_room,
          amcnicky_mini_rare_corridor_liquid
D:4:      layout_rooms, lemuel_coloured_pillars_altar, fedhas_altar_3,
          nicolae_qazlal_scattered_showers, led_sif_book,
          mainiacjoe_overflow_boulevard, uniq_eustachio
D:5:      layout_rooms, nicolae_shop_sticking_my_neck_out, uniq_edmund,
          uniq_pikel
D:6:      layout_cave_pools, minmay_temple_entry_mist, serial_shops,
          nicolae_stop_n_shop_2, sigmund_army, uniq_crazy_yiuf_cottage
D:7:      layout_cave_pools, grunt_temple_overflow_diamond, serial_shops, shop,
          enter_bailey_7
D:8:      layout_loops_cross, jiyva_altar_1
D:9:      layout_rooms, serial_shops, shop, minmay_misc_feat_rows,
          serial_park_tiny_1, uniq_joseph
D:10:     layout_loops_cross, jmf_multi_god_temple2,
          nicolae_tso_carved_into_rock, lair_entry_dummy, kennysheep_nub,
          minmay_lindwurm_lava, uniq_erolcha

Skill      XL: |  1  2  3  4  5  6  7  8  9 10 11 |
---------------+----------------------------------+-----
Armour         | 3 4 5 6 7 |  7.4
Shields        | 3 4 5 |  5.0
Unarmed Combat | 1 3 5 6 8 10 12 | 12.7
Invocations    | 1 3 5 7 8 |  8.0
Fighting       | 4 |  4.1
Short Blades   | |  1.8
Throwing       | |  0.7

Action                   |  1- 3 |  4- 6 |  7- 9 | 10-12 || total
-------------------------+-------+-------+-------+-------++-------
Melee: Rapier            |    55 |       |       |       ||    55
       Short sword       |    20 |       |       |       ||    20
       Unarmed           |    35 |   171 |   219 |   267 ||   692
Throw: Javelin           |       |       |       |     5 ||     5
Invok: Recall Undead Har |       |       |       |     1 ||     1
  Use: Scroll            |       |     6 |     4 |    12 ||    22
       Potion            |       |     1 |     4 |     8 ||    13
 Stab: Distracted        |       |     1 |     2 |       ||     3
Armor: Scale mail        |    51 |    79 |    16 |       ||   146
       Plate armour      |       |       |   126 |   194 ||   320
       Skin              |       |       |       |    12 ||    12
Dodge: Dodged            |    52 |    63 |    74 |   100 ||   289
Block: Buckler           |    19 |    42 |    94 |   234 ||   389
       Other             |       |       |     3 |       ||     3

Table legend: (Time is in decaauts)
 A = Elapsed time spent in this place.
 B = Non-inter-level travel time spent in this place.
 C = Inter-level travel time spent in this place.
 D = Time resting spent in this place.
 E = Time spent auto-exploring this place.
 F = Levels seen in this place.
 G = Mean time per level.
                   A        B        C        D        E       F      G
               +--------+--------+--------+--------+--------+-----+--------+
         Total |  10956 |  10681 |    275 |   2104 |   6088 |  11 |  996.0 |
       Dungeon |   8840 |   8565 |    275 |   1163 |   5554 |  10 |  884.0 |
        Bailey |   2116 |   2116 |      0 |    940 |    534 |   1 | 2116.0 |
               +--------+--------+--------+--------+--------+-----+--------+

Top non-repeatable levels by time:
  Bailey: 2116 daAuts
     D:9: 1121 daAuts
     D:6: 1102 daAuts
     D:5: 1078 daAuts
     D:1: 884 daAuts
     D:8: 866 daAuts
     D:4: 826 daAuts
     D:2: 805 daAuts
     D:3: 762 daAuts
     D:7: 722 daAuts
    D:10: 669 daAuts
